 Dungeon Crawl Stone Soup version 0.30-a0-1035-g38d5fb2972 (webtiles) character file.

Game seed: 12746410617578198298

298 puppykicker the Charlatan (level 6, -1/46 HPs)
             Began as a Demonspawn Artificer on Apr 9, 2023.
             Slain by a gnoll
             ... wielding a +0 whip
              (8 damage)
             ... on level 4 of the Dungeon.
             The game lasted 00:10:40 (2484 turns).

puppykicker the Charlatan (Demonspawn Artificer)    Turns: 2484, Time: 00:10:41

Health: -1/46      AC:  4    Str: 14    XL:     6   Next: 13%
Magic:  6/6        EV: 12    Int: 13    God:
Gold:   192        SH:  4    Dex: 13    Spells: 3/5 levels left

rFire   . . .      SeeInvis .    b - +2 dagger (elec)
rCold   . . .      Faith    .    (no shield)
rNeg    . . .      Spirit   .    n - +1 robe {Will+}
rPois   .          Reflect  .    (helmet restricted)
rElec   .          Rampage  .    (no cloak)
rCorr   .                        (no gloves)
Will    +....                    s - +0 pair of boots
Stlth   ++                       (no amulet)
HPRegen 0.27/turn                t - ring of flight
MPRegen 0.10/turn                (no ring)

@: flying
A: antennae 1, condensation shield
a: no special abilities


You were on level 4 of the Dungeon.
You visited 1 branch of the dungeon, and saw 4 of its levels.

You collected 192 gold pieces.

Inventory:

Hand Weapons
 a - a +4 flail of protection
 b - a +2 dagger of electrocution (weapon)
Missiles
 k - 5 poisoned darts
 l - a boomerang (quivered)
Armour
 n - a +1 robe of willpower (worn)
 o - a +0 scale mail
 s - a +0 pair of boots (worn)
Jewellery
 t - a ring of flight (left hand)
Wands
 c - a wand of flame (23)
 d - a wand of charming (12)
 e - a wand of iceblast (3)
Scrolls
 f - 2 scrolls of brand weapon {unknown}
 g - 2 scrolls of identify {unknown}
 h - 2 scrolls of magic mapping {unknown}
 i - a scroll of summoning {unknown}
 p - 2 scrolls of poison {unknown}
 q - a scroll of fog {unknown}
 r - 2 scrolls of teleportation {unknown}
 u - a scroll of immolation {unknown}
Potions
 j - a potion of ambrosia {unknown}
 m - a potion of flight
 v - a potion of berserk rage {unknown}


   Skills:
 + Level 2.8 Fighting
 + Level 3.0 Armour
 + Level 2.5 Dodging
 + Level 2.6 Stealth
 + Level 4.0 Evocations


You had 3 spell levels left.
You knew the following spells:

 Your Spells              Type           Power      Damage    Failure   Level
a - Necrotise             Necr           0%         1d4       30%         1
b - Summon Small Mammal   Summ           0%         N/A       30%         1

Your spell library contained the following spells:

 Spells                   Type           Power      Damage    Failure   Level
 Apportation              Tloc           0%         N/A       30%         1
 Blink                    Tloc           0%         N/A       43%         2
 Lesser Beckoning         Tloc           0%         N/A       43%         2
 Momentum Strike          Conj/Tloc      0%         3d8       43%         2
 Summon Guardian Golem    Hex/Summ       0%         N/A       67%         3
 Anguish                  Hex/Necr       0%         N/A       97%         4
 Enfeeble                 Hex            0%         N/A       100%        7
 Orb of Destruction       Conj           0%         9d5       100%        7
 Spellforged Servitor     Conj/Summ      0%         N/A       100%        7


Dungeon Overview and Level Annotations

Branches:
Dungeon (4/15)
 Temple: D:4-7

Altars:


Innate Abilities, Weirdness & Mutations

You have a pair of small antennae on your head.
A meltable shield of frost defends you. (SH +4)


Message History

You take 3 damage, and have 33/46 hp.
You hit the gnoll. The gnoll barely misses you.
You hit the gnoll. The gnoll hits you with a +0 club.
You take 2 damage, and have 31/46 hp.
You hit the gnoll but do no damage. The gnoll closely misses you.
You hit the gnoll. The gnoll misses you.
You hit the gnoll but do no damage. The gnoll hits you with a +0 club.
You take 4 damage, and have 27/46 hp.
You barely miss the gnoll. The gnoll barely misses you.
You hit the gnoll. You block the gnoll's attack.
You hit the gnoll.
You kill the gnoll!
You hit the gnoll but do no damage. The gnoll hits you with a +0 club.
You hit the gnoll but do no damage. Lightning courses through the gnoll!
The gnoll hits you with a +0 club.
* * * LOW HITPOINT WARNING * * *
You take 4 damage, and have 23/46 hp.
You hit the gnoll.
You kill the gnoll!
You hit the gnoll. The gnoll hits you with a +0 whip!
* * * LOW HITPOINT WARNING * * *
You take 8 damage, and have 15/46 hp.
You are too injured to fight recklessly!
You are too injured to fight recklessly!
You are too injured to fight recklessly!
You hit the gnoll but do no damage. The gnoll misses you.
You hit the gnoll. The gnoll closely misses you.
You hit the gnoll. You block the gnoll's attack.
You hit the gnoll but do no damage. The gnoll hits you but does no damage.
You hit the gnoll. The gnoll hits you with a +0 whip.
* * * LOW HITPOINT WARNING * * *
You take 3 damage, and have 14/46 hp.
You barely miss the gnoll. The gnoll hits you with a +0 whip!
* * * LOW HITPOINT WARNING * * *
You take 7 damage, and have 7/46 hp.
Aiming: Throw Flame
Press: ? - help, Shift-Dir - straight line, f - gnoll
Aim: a gnoll, wielding a +0 whip (severely wounded, 75% to hit)
The puff of flame misses the gnoll.
The gnoll hits you with a +0 whip!
You die...

### #.#
#.. #.#
#.. ..#
.. ..# #.
#.#
#.##.#
#..#.#
#g#<#
#.###@#.#
#.......#
#####.###
#.# #.#
#.# #.#
#.. ##


You could see a gnoll.

Levels and vault maps discovered:
D:1:      lightli_arrival_statuegarden, layout_basic
D:2:      layout_loops_ring, nicolae_underground_beach, uniq_terence,
          uniq_sigmund
D:3:      layout_rooms
D:4:      cheibrodos_pilgrimage, layout_loops_cross, uniq_grinder

Notes
Turn   | Place    | Note
-------+----------+-------------------------------------------
     0 | D:1      | puppykicker the Demonspawn Artificer began the quest for
                  | the Orb.
     0 | D:1      | Reached XP level 1. HP: 15/15 MP: 1/1
    55 | D:1      | Reached skill level 1 in Dodging
    55 | D:1      | Reached skill level 1 in Stealth
   108 | D:1      | Identified a +0 whip
   241 | D:1      | Reached skill level 2 in Armour
   241 | D:1      | Gained mutation: A meltable shield of frost defends you.
                  | (SH +4) [demonic ancestry]
   241 | D:1      | Reached XP level 2. HP: 21/21 MP: 2/2
   297 | D:1      | Identified a +0 war axe
   313 | D:1      | Identified a +0 whip
   318 | D:1      | Identified a +0 ring mail
   332 | D:1      | HP: 5/21 [gnoll/+0 whip (2)]
   766 | D:2      | Identified a +0 mace
   766 | D:2      | Identified a +0 leather armour
   844 | D:2      | Identified a +0 dagger
   913 | D:2      | Identified a +0 ring mail
   930 | D:2      | Reached XP level 3. HP: 26/26 MP: 3/3
   964 | D:2      | Identified a +1 robe of willpower
   967 | D:2      | Learned a level 1 spell: Summon Small Mammal
   969 | D:2      | Learned a level 1 spell: Necrotise
   979 | D:2      | Identified a +0 dagger
  1149 | D:2      | Identified a +0 robe
  1152 | D:2      | Identified a +0 flail
  1152 | D:2      | Identified a +0 scale mail
  1152 | D:2      | Noticed Terence
  1170 | D:2      | Killed Terence
  1181 | D:2      | Discovered your monstrous ancestry.
  1181 | D:2      | Gained mutation: You have a pair of small antennae on your
                  | head. [demonic ancestry]
  1181 | D:2      | Reached XP level 4. HP: 27/33 MP: 4/4
  1204 | D:2      | Identified a +0 scythe of flaming
  1204 | D:2      | Identified a +0 robe
  1204 | D:2      | Noticed Sigmund
  1213 | D:2      | Killed Sigmund
  1214 | D:2      | Reached skill level 2 in Fighting
  1214 | D:2      | Reached skill level 2 in Dodging
  1214 | D:2      | Reached skill level 2 in Stealth
  1214 | D:2      | Reached XP level 5. HP: 36/39 MP: 5/5
  1249 | D:2      | Identified a +0 club
  1249 | D:2      | Identified a +0 sling
  1291 | D:2      | Identified a +0 scale mail
  1367 | D:2      | Identified a +0 pair of boots
  1533 | D:2      | Identified a +0 leather armour
  1603 | D:3      | Identified a +0 dagger
  1628 | D:3      | Identified a +0 dagger
  1628 | D:3      | Identified a +0 club
  1631 | D:3      | Identified a +3 spear
  1632 | D:3      | Identified a +4 flail of protection
  1658 | D:3      | Identified a +0 halberd
  1679 | D:2      | HP: 8/39 [gnoll/+4 flail of protection (11)]
  1735 | D:2      | Reached skill level 4 in Evocations
  1833 | D:3      | Reached XP level 6. HP: 33/46 MP: 6/6
  1902 | D:3      | Identified a +2 dagger of electrocution
  1996 | D:3      | Identified a +0 short sword
  1999 | D:3      | Identified a +0 short sword
  2001 | D:3      | Identified a +0 whip
  2015 | D:3      | Identified 2 potions of flight
  2016 | D:3      | Identified a potion of magic
  2017 | D:3      | Identified a potion of cancellation
  2023 | D:3      | Reached skill level 3 in Armour
  2190 | D:3      | Identified a ring of flight
  2221 | D:3      | Identified a +0 dagger
  2347 | D:3      | Identified a +0 club
  2454 | D:4      | Identified a +0 club
  2454 | D:4      | Identified a +0 club
  2454 | D:4      | Identified a +0 whip
  2483 | D:4      | HP: 7/46 [gnoll/+0 whip (7)]
  2484 | D:4      | Slain by a gnoll

Table legend: (Time is in decaauts)
 A = Elapsed time spent in this place.
 B = Non-inter-level travel time spent in this place.
 C = Inter-level travel time spent in this place.
 D = Time resting spent in this place.
 E = Time spent auto-exploring this place.
 F = Levels seen in this place.
 G = Mean time per level.
                   A        B        C        D        E       F      G
               +--------+--------+--------+--------+--------+-----+--------+
         Total |   2525 |   2444 |     81 |    524 |   1259 |   4 |  631.2 |
       Dungeon |   2525 |   2444 |     81 |    524 |   1259 |   4 |  631.2 |
               +--------+--------+--------+--------+--------+-----+--------+

Top non-repeatable levels by time:
     D:2: 1008 daAuts
     D:1: 772 daAuts
     D:3: 711 daAuts
     D:4: 32 daAuts

Table legend:
 A = Kills in this place as a percentage of kills in the entire game.
 B = Kills by you in this place as a percentage of kills by you in the entire game.
 C = Kills by friends in this place as a percentage of kills by friends in the entire game.
 D = Other kills in this place as a percentage of other kills in the entire game.
 E = Experience gained in this place as a percentage of experience gained in the entire game.
 F = Experience gained in this place divided by the number of levels of this place that you have seen.
                   A       B       C       D       E      F
               +-------+-------+-------+-------+-------+----------------------
         Total | 100.0 | 100.0 |   N/A |   N/A | 100.0 | 106.8
       Dungeon | 100.0 | 100.0 |   N/A |   N/A | 100.0 | 106.8
               +-------+-------+-------+-------+-------+----------------------

Skill      XL: |  1  2  3  4  5  6 |
---------------+-------------------+-----
Dodging        | 1 2 |  2.5
Stealth        | 1 2 |  2.6
Armour         | 2 3 |  3.0
Fighting       | 2 |  2.8
Evocations     | 4 |  4.0

Action                     |  1- 3 |  4- 6 || total
---------------------------+-------+-------++-------
  Melee: Club              |    11 |       ||    11
         Whip              |    18 |       ||    18
         War axe           |    12 |       ||    12
         Mace              |    40 |    36 ||    76
         Flail             |       |     4 ||     4
         Punch             |       |     2 ||     2
         Dagger            |       |    63 ||    63
  Throw: Boomerang         |       |     4 ||     4
  Evoke: Wand              |     8 |    14 ||    22
    Use: Potion            |       |     3 ||     3
   Stab: Sleeping          |     1 |     3 ||     4
 Armour: Leather armour    |    18 |       ||    18
         Robe              |     6 |    30 ||    36
  Dodge: Dodged            |    57 |    68 ||   125
  Block: Other             |     6 |    20 ||    26

Vanquished Creatures
  Sigmund (D:2)
  Terence (D:2)
  6 gnolls
  A worm (D:2)
  2 dart slugs
  An orc (D:2)
  A ball python (D:1)
  5 bats
  3 endoplasms
  3 giant cockroaches
  5 goblins
  7 hobgoblins
  8 kobolds
  A quokka (D:2)
  A frilled lizard (D:1)
  5 rats
51 creatures vanquished.
